 Dungeon Crawl Stone Soup version 0.24.0-13-gcf9b3192b9 (webtiles) character file.

Game seed: 3978910178642924478, levelgen mode: deterministic

66150 Inarius the Severer (level 15, -18/113 HPs)
             Began as a Ghoul Monk on Nov 5, 2019.
             Was the Champion of Hepliaklqana.
             Killed from afar by Jorgrun (61 damage)
             ... with an iron shot
             ... on level 12 of the Dungeon.
             The game lasted 00:52:53 (24325 turns).

Inarius the Severer (Ghoul Monk)                   Turns: 24325, Time: 00:52:54

Health: -18/113    AC: 16    Str: 31    XL:     15   Next: 18%
Magic:  20/20      EV: 13    Int:  5    God:    Hepliaklqana [******]
Gold:   592        SH:  8    Dex: 23    Spells: 14/14 levels left

rFire    . . .     SeeInvis .   Q - +4 broad axe
rCold    + + .     Gourm    .   z - +2 buckler
rNeg     + + +     Faith    .   s - +0 chain mail {rC+}
rPois    ∞         Spirit   .   (no helmet)
rElec    +         Reflect  .   E - +0 cloak {MR+}
rCorr    .         Harm     .   v - +0 pair of gloves
MR       ++...                  C - +1 pair of boots of the Spheres {+Blink rPois Str+4}
Stlth    ..........             d - amulet of Syndicalism {rElec rC- Regen+ Dex+7}
HPRegen  0.00/turn              K - ring of protection from cold
MPRegen  0.17/turn              H - +5 ring of dexterity

@: mighty, rotting
A: rotting body, reduced essence, claws 1, carnivore, cold resistance 1,
negative energy resistance 3, inhibited regeneration, torment resistance,
unbreathing
a: Recall Ancestor, Ancestor Identity, Transference, Idealise, Renounce
Religion, Evoke Blink


You were on level 12 of the Dungeon.
You worshipped Hepliaklqana.
Hepliaklqana was exalted by your worship.
You were not hungry.

You visited 3 branches of the dungeon, and saw 21 of its levels.
You also visited: Ice Cave.

You collected 1983 gold pieces.
You spent 1391 gold pieces at shops.

Inventory:

Hand Weapons
 N - the +11 dagger of the Original Sin {pierce, rElec rF+ Str+3 Stlth+}
   (You found it on level 1 of the Lair of Beasts)

   It inflicts extra damage upon your enemies.
   It affects your strength (+3).
   It protects you from fire.
   It insulates you from electricity.
   It makes you more stealthy.
 Q - a +4 broad axe (weapon)
Missiles
 p - 11 javelins (quivered)
Armour
 o - a +0 plate armour
 s - a +0 chain mail of cold resistance (worn)
 u - a +2 pair of boots
 v - a +0 pair of gloves (worn)
 z - a +2 buckler (worn)
 C - the +1 pair of boots of the Spheres (worn) {+Blink rPois Str+4}
   (You bought it in a shop on level 9 of the Dungeon)

   It affects your strength (+4).
   It protects you from poison.
   It lets you blink.
 E - a +0 cloak of magic resistance (worn)
 R - a scarf of resistance
Jewellery
 d - the amulet of Syndicalism (around neck) {rElec rC- Regen+ Dex+7}
   (You bought it in a shop on level 2 of the Orcish Mines)

   [amulet of regeneration]

   It affects your dexterity (+7).
   It makes you vulnerable to cold.
   It insulates you from electricity.
   It increases your rate of regeneration.
 k - an uncursed ring of magical power
 G - an uncursed ring of stealth
 H - a +5 ring of dexterity (right hand)
 K - a ring of protection from cold (left hand)
 M - an uncursed ring of ice
Wands
 y - a wand of flame (26)
 D - a wand of polymorph (2)
 L - a wand of acid (4)
 O - a wand of clouds (4)
Scrolls
 f - 3 scrolls of noise
 j - 3 scrolls of enchant armour
 m - 12 scrolls of remove curse
 q - 6 scrolls of teleportation
 w - a scroll of immolation
 x - 2 scrolls of magic mapping
 F - 2 scrolls of acquirement {unknown}
 I - 3 scrolls of silence
 J - 2 scrolls of amnesia
 P - a scroll of torment
Potions
 a - a potion of resistance
 b - 13 potions of curing
 e - 5 potions of brilliance
 g - 4 potions of heal wounds
 h - a potion of mutation
 i - a potion of invisibility {unknown}
 l - a potion of haste
 n - 5 potions of flight
 r - a potion of magic
 t - 2 potions of degeneration
Comestibles
 c - 28 rations


   Skills:
 + Level 10.1 Fighting
 * Level 16.8 Axes
 + Level 1.6 Throwing
 + Level 9.8 Armour
 + Level 5.2 Dodging
 - Level 2.1 Stealth
 + Level 4.8 Shields
 * Level 9.2 Invocations
 + Level 4.8 Evocations


You had 14 spell levels left.
You didn't know any spells.
Your spell library contained the following spells:

 Spells                   Type           Power        Failure   Level  Hunger
 Flame Tongue             Conj/Fire      #....        90%         1    ##.....
 Sandblast                Erth           #.....       90%         1    ##.....
 Sting                    Conj/Pois      #...         90%         1    ##.....
 Blink                    Tloc           N/A          97%         2    ###....
 Passwall                 Tmut/Erth      #.......     97%         2    ###....
 Poisonous Vapours        Pois/Air       #.....       97%         2    ###....
 Shroud of Golubria       Chrm/Tloc      #.....       97%         2    ###....
 Call Canine Familiar     Summ           #.......     99%         3    ####...
 Gell's Gravitas          Tloc           #.........   99%         3    ####...
 Ignite Poison            Fire/Tmut/Pois #.......     99%         3    ####...
 Lesser Beckoning         Tloc           #.........   99%         3    ####...
 Mephitic Cloud           Conj/Pois/Air  #.......     99%         3    ####...
 Recall                   Summ/Tloc      N/A          99%         3    ####...
 Stone Arrow              Conj/Erth      #.....       99%         3    ####...
 Teleport Other           Tloc           #.......     99%         3    ####...
 Cause Fear               Hex            #.........   100%        4    #####..
 Olgreb's Toxic Radiance  Pois           #.......     100%        4    #####..
 Passage of Golubria      Tloc           N/A          100%        4    #####..
 Petrify                  Tmut/Erth      #.......     100%        4    #####..
 Summon Lightning Spire   Summ/Air       #.......     100%        4    #####..
 Alistair's Intoxication  Tmut/Pois      #.......     100%        5    ######.
 Irradiate                Conj/Tmut      #.........   100%        5    ######.
 Lee's Rapid Deconstruct  Erth           #.........   100%        5    ######.
 Silence                  Hex/Air        #.........   100%        5    ######.
 Venom Bolt               Conj/Pois      #.........   100%        5    ######.
 Bolt of Fire             Conj/Fire      #.........   100%        6    #######
 Conjure Ball Lightning   Conj/Air       #.........   100%        6    #######
 Deflect Missiles         Chrm/Air       #.........   100%        6    #######
 Dispersal                Tloc           #.........   100%        6    #######
 Disjunction              Tloc           #.........   100%        8    #######
 Dragon's Call            Summ           #.........   100%        9    #######
 Tornado                  Air            #.........   100%        9    #######
 Sublimation of Blood     Necr           Unusable     N/A         2    N/A
 Dragon Form              Tmut           Unusable     N/A         7    N/A

Dungeon Overview and Level Annotations

Branches:
Dungeon (13/15)            Temple (0/1) D:4            Lair (6/6) D:8
 Shoals (0/4) Lair:2       Spider (0/4) Lair:2        Slime (0/5) Lair:6
    Orc (2/2) D:9             Elf (0/3) Orc:2         IceCv (visited)
 Vaults: D:13-14

Altars:
Cheibriados
Dithmenos
Elyvilon
Fedhas
Gozag
Hepliaklqana
Makhleb
Okawaru
Qazlal
Ru
Sif Muna
Trog
Uskayaw
Vehumet
Yredelemnul
The Shining One
Beogh
Jiyva

Shops:
D:4 (   D:7 }   D:8 %   D:9 [   Orc:2 *[:(

Annotations:
D:12 exclusion: hexer, Jorgrun
D:13 Azrael


Innate Abilities, Weirdness & Mutations

Your body is rotting away.
You thrive on raw meat.
You are immune to poison.
You have sharp fingernails.
You are carnivorous and can eat meat at any time.
Your flesh is cold resistant. (rC+)
You are immune to negative energy. (rN+++)
You do not regenerate when monsters are visible.
You are immune to unholy pain and torment.
You can survive without breathing.
Your life essence is reduced to manifest your ancestor. (-10% HP)


Message History

You feel much better. Jorgrun gestures at you while chanting.
You easily resist.
The grasping roots constrict you!
The grasping roots release their grip on you.
You slash Jorgrun!
Jorgrun is heavily wounded.
You slash Jorgrun!
Jorgrun is severely wounded.
Jorgrun gestures at you while chanting.
The wall shatters!
The blast of rock fragments hits you but does no damage.
Evoke which item? (* to show all) (? for menu, Esc to quit)
Aiming: Corrosive Bolt
Press: ? - help, Shift-Dir - straight line, f - Jorgrun
Aim: Jorgrun, wielding a +0 quarterstaff of crushing and wearing a +0 robe (severely wounded)
The bolt of acid misses Jorgrun.
Jorgrun points at you and mumbles some strange words.
The iron shot hits you!!!
Ouch! That really hurt!
You die...

### ### ###.## ##.####
..#..#######..#..##
..>.......#.[.....##
...........)...g...######
...........†...#@....#..##
...........)).###........#
..........##))###..##..###
..........###÷÷#..###.###
...........##.....##....###
..........g.............#.###
##.......##.........##......#
###.....####..._...####.....#
##.......##.........##.....##


You could see Jorgrun.

Vanquished Creatures
  A fire dragon (Lair:6)
  4 hydras
  A catoblepas (Lair:6)
  5 two-headed ogres
  A queen ant (Lair:4)
  4 orc high priests (Orc:2)
  An unseen horror (D:11)
  A necromancer (Lair:6)
  3 ugly things
  2 orc sorcerers (Orc:2)
  2 manticores (D:12)
  A cyclops (D:12)
  15 elephants
  2 black mambas
  2 merfolk sirens (Lair:2)
  3 ice statues (IceCv)
  2 molten gargoyles (Lair:6)
  A gargoyle (D:11)
  8 spiny frogs
  2 rime drakes
  10 komodo dragons
  4 trolls
  A polar bear (Lair:4)
  21 blink frogs
  8 hippogriffs
  5 dream sheep (Lair:4)
  A raiju (D:12)
  A meliai zombie (D:12)
  A wraith (D:12)
  3 wyverns
  22 yaks
  A hog (D:6)
  A basilisk (Lair:2)
  4 steam dragons
  2 vampire mosquitoes (Lair:3)
  3 wargs (Orc:2)
  An insubstantial wisp (Lair:3)
  8 water moccasins
  4 hell hounds (Lair:6)
  5 porcupines
  10 ice beasts
  A swamp drake (Lair:5)
  12 orc warriors
  An eye of draining (D:11)
  A phantom (D:12)
  4 black bears
  7 wolves
  10 ogres
  6 centaurs
  6 crocodiles
  2 big kobolds (D:11)
  10 bullfrogs
  A wyvern zombie (D:8)
  2 wyvern skeletons
  3 jellies
  2 scorpions
  6 killer bees
  3 wights (D:9)
  3 howler monkeys
  An electric eel (Lair:2)
  5 crimson imps
  4 lava snakes (Lair:6)
  2 bullfrog zombies
  2 bullfrog skeletons
  2 hounds (D:12)
  30 orc priests
  5 iguanas
  11 orc wizards
  10 worker ants
  3 yak simulacra (Lair:6)
  A polar bear simulacrum (Lair:6)
  A wolf simulacrum (Lair:6)
  A howler monkey zombie (D:7)
  2 gnolls (Orc:2)
  8 adders
  A shadow imp (D:5)
  11 white imps (Lair:2)
  2 oozes
  An adder skeleton (D:4)
  2 worms (D:3)
  3 dart slugs
  7 leopard geckos
  71 orcs
  7 giant cockroaches
  9 goblins
  7 hobgoblins
  5 jackals
  12 kobolds
  3 ball pythons
  11 bats
  6 frilled lizards
  A jackal zombie (D:6)
  A leopard gecko skeleton (D:4)
  A quokka skeleton (D:7)
  A quokka zombie (D:5)
  5 rats
  3 river rat simulacra (Lair:6)
  A fungus (Lair:4)
  4 plants
520 creatures vanquished.

Vanquished Creatures (collateral kills)
  An orc warlord (Orc:2)
  A great orb of eyes (D:12)
  A death yak (Lair:6)
  An alligator (Lair:6)
  2 orc high priests (Orc:2)
  A centaur zombie (D:11)
  2 black mambas (Lair:5)
  A guardian serpent (D:11)
  Joseph (D:9)
  2 elephants
  2 spiny frogs
  2 komodo dragons (Lair:6)
  A troll (Orc:1)
  2 hippogriffs
  Prince Ribbit (D:5)
  2 blink frogs
  A redback (Lair:2)
  7 yaks
  2 wyverns
  3 hogs (D:7)
  A human (D:7)
  3 wargs (Orc:2)
  Duvessa (D:7)
  2 porcupines (Lair:2)
  3 orc warriors
  3 water moccasins
  An acid dragon (Lair:5)
  3 sky beasts
  3 ice beasts
  A black bear (Lair:2)
  A necrophage (D:10)
  5 wolves
  2 ogres
  A centaur (D:9)
  2 crocodiles
  4 bullfrogs
  Dowan (D:7)
  A wight (D:9)
  A killer bee (D:10)
  A howler monkey (D:4)
  2 crimson imps
  4 hounds
  4 orc priests (Orc:2)
  A jelly (D:5)
  5 orc wizards
  2 iguanas
  2 wolf simulacra (Lair:6)
  A hound zombie (D:7)
  A hound skeleton (D:10)
  4 adders
  A gnoll (Orc:2)
  2 shadow imps
  A white imp (Lair:2)
  16 orcs
  A goblin (D:3)
  A jackal (D:5)
  A river rat simulacrum (Lair:6)
  A fungus (Lair:6)
  3 plants
129 creatures vanquished.

Vanquished Creatures (others)
  An orc warrior (Orc:2)
  An orc wizard (D:5)
  21 hexers
  7 fungi
  7 plants
37 creatures vanquished.

Grand Total: 686 creatures vanquished

Notes
Turn   | Place    | Note
-------+----------+-------------------------------------------
     0 | D:1      | Inarius the Ghoul Monk began the quest for the Orb.
     0 | D:1      | Reached XP level 1. HP: 19/19 MP: 0/0
    48 | D:1      | Reached skill level 3 in Axes
    48 | D:1      | Reached XP level 2. HP: 14/26 MP: 1/1
   571 | D:1      | Reached XP level 3. HP: 28/31 MP: 2/2
  1218 | D:2      | Reached XP level 4. HP: 38/38 MP: 3/3
  1332 | D:2      | You fall into a shaft and drop 1 floor!
  1342 | D:3      | Reached skill level 4 in Axes
  1342 | D:3      | Reached skill level 1 in Armour
  1351 | D:3      | Found a glowing golden altar of the Shining One.
  1396 | D:3      | Reached XP level 5. HP: 22/45 MP: 4/4
  1426 | D:3      | Found a white marble altar of Elyvilon.
  1523 | D:3      | Found a shimmering blue altar of Sif Muna.
  1727 | D:2      | Found a hazy altar of Hepliaklqana.
  1736 | D:2      | Became a worshipper of Hepliaklqana the Forgotten
  1736 | D:2      | Reached * piety under Hepliaklqana
  1736 | D:2      | Reached ** piety under Hepliaklqana
  1737 | D:2      | Remembered your ancestor Izel as a hexer
  2684 | D:3      | Found a burning altar of Makhleb.
  2691 | D:3      | Reached skill level 5 in Axes
  2691 | D:3      | Reached XP level 6. HP: 43/46 MP: 5/5
  2755 | D:4      | Reached skill level 1 in Invocations
  2983 | D:4      | Found a snail-covered altar of Cheibriados.
  3040 | D:4      | Found a staircase to the Ecumenical Temple.
  3106 | D:4      | Found a transporter.
  3132 | D:4      | Reached skill level 1 in Shields
  3132 | D:4      | Reached XP level 7. HP: 48/52 MP: 7/7
  3147 | D:4      | Found an iron altar of Okawaru.
  3247 | D:4      | Found a bloodstained altar of Trog.
  3273 | D:4      | Found a transporter.
  3293 | D:4      | Found Jexem's Antique Weapon Shoppe.
  3300 | D:4      | Bought a war axe for 94 gold pieces
  3374 | D:5      | Entered Level 5 of the Dungeon
  3375 | D:5      | Noticed Prince Ribbit
  3381 | D:5      | Killed Prince Ribbit
  3381 | D:5      | Reached skill level 6 in Axes
  3486 | D:5      | Reached *** piety under Hepliaklqana
  3676 | D:5      | Reached XP level 8. HP: 59/59 MP: 8/8
  4425 | D:5      | Noticed a yak
  4425 | D:5      | Noticed a yak
  4425 | D:5      | Noticed a yak
  4425 | D:5      | Noticed a yak
  4425 | D:5      | Noticed a yak
  4425 | D:5      | Noticed a yak
  4503 | D:5      | Killed a yak
  4503 | D:5      | Reached skill level 7 in Axes
  4943 | D:6      | Found an opulent altar of Gozag.
  5143 | D:6      | Reached XP level 9. HP: 65/65 MP: 10/10
  5177 | D:6      | Reached skill level 8 in Axes
  5195 | D:6      | Reached skill level 5 in Fighting
  5372 | D:6      | Found a basalt altar of Yredelemnul.
  5471 | D:6      | Reached **** piety under Hepliaklqana
  5749 | D:7      | Noticed Duvessa
  5753 | D:7      | Noticed Dowan
  5764 | D:7      | Killed Duvessa
  5764 | D:7      | Reached skill level 1 in Throwing
  5772 | D:7      | Killed Dowan
  5927 | D:7      | Found Bomiluhi's Gadget Shoppe.
  5961 | D:7      | Found a hide-covered altar of Uskayaw.
  5961 | D:7      | Found a blossoming altar of Fedhas.
  5962 | D:7      | Found a radiant altar of Vehumet.
  6053 | D:7      | Reached skill level 9 in Axes
  6194 | D:7      | Reached XP level 10. HP: 43/73 MP: 11/11
  6507 | D:7      | Reached skill level 5 in Armour
  6683 | D:8      | Reached skill level 10 in Axes
  7033 | D:8      | Found Zisejor's Food Shoppe.
  7079 | D:8      | Found a sacrificial altar of Ru.
  7214 | D:8      | Found a staircase to the Lair.
  7851 | D:9      | Reached ***** piety under Hepliaklqana
  8108 | D:9      | Found Uckeom's Armour Shop.
  8173 | D:9      | Reached skill level 1 in Evocations
  8266 | D:9      | Reached skill level 11 in Axes
  8297 | D:9      | Found a stormy altar of Qazlal.
  8407 | D:9      | Noticed Joseph
  8408 | D:9      | Noticed a six-headed hydra
  8780 | D:9      | Found a staircase to the Orcish Mines.
  8876 | D:10     | Entered Level 10 of the Dungeon
  8904 | D:10     | Reached XP level 11. HP: 66/81 MP: 12/12
  9323 | D:10     | Noticed a two-headed ogre
  9332 | D:10     | Killed a two-headed ogre
  9412 | D:10     | Noticed a two-headed ogre
  9422 | D:10     | Killed a two-headed ogre
  9433 | D:10     | Reached skill level 12 in Axes
 10274 | D:9      | Bought the +1 pair of boots of the Spheres {+Blink rPois
                  | Str+4} for 361 gold pieces
 10400 | D:11     | Noticed a two-headed ogre
 10501 | D:11     | Killed an unseen horror
 10518 | D:11     | Found a basalt altar of Yredelemnul.
 10697 | D:11     | Noticed a cyan ugly thing
 10710 | D:11     | Killed a cyan ugly thing
 10710 | D:11     | Reached XP level 12. HP: 53/90 MP: 11/14
 10719 | D:11     | Killed a two-headed ogre
 10861 | D:11     | Noticed a five-headed hydra
 10862 | D:11     | Reached skill level 13 in Axes
 11051 | D:11     | Killed a five-headed hydra
 11399 | Lair:1   | Entered Level 1 of the Lair of Beasts
 11590 | Lair:1   | Got a scorched dagger
 11741 | Lair:1   | Noticed a six-headed hydra
 11743 | Lair:1   | Killed a six-headed hydra
 12662 | Lair:2   | Reached ****** piety under Hepliaklqana
 13024 | Lair:2   | Found a frozen archway.
 13140 | IceCv    | Entered an ice cave
 13187 | IceCv    | Reached skill level 14 in Axes
 13187 | IceCv    | Reached skill level 5 in Invocations
 13582 | IceCv    | Reached XP level 13. HP: 89/94 MP: 14/16
 13608 | IceCv    | Identified Guzicoad's Reference Book on Summoning and
                  | Orientation
 13726 | Lair:2   | Found a hole to the Spider Nest.
 14917 | Lair:2   | Found a staircase to the Shoals.
 15922 | Lair:3   | Identified the +11 dagger of the Original Sin {pierce,
                  | rElec rF+ Str+3 Stlth+} (You found it on level 1 of the
                  | Lair of Beasts)
 17278 | Lair:4   | Reached skill level 15 in Axes
 18148 | Lair:6   | Entered Level 6 of the Lair of Beasts
 18722 | Lair:6   | Reached XP level 14. HP: 79/106 MP: 18/18
 18880 | Lair:6   | Found a staircase to the Slime Pits.
 18880 | Lair:6   | Found a viscous altar of Jiyva.
 18915 | Lair:5   | Reached skill level 5 in Dodging
 19690 | Lair:6   | Reached skill level 16 in Axes
 19796 | Lair:6   | Found a large runed translucent door.
 19796 | Lair:6   | Found a large runed translucent door.
 20710 | Orc:1    | Entered Level 1 of the Orcish Mines
 20850 | Orc:2    | Entered Level 2 of the Orcish Mines
 21053 | Orc:2    | Found Datihewk's Antique Weapon Boutique.
 21081 | Orc:2    | Found Acuanav's Book Shoppe.
 21714 | Orc:2    | Found Nilinus's Armour Boutique.
 21714 | Orc:2    | Found Riorgh's Assorted Antiques.
 21721 | Orc:2    | Found a roughly hewn altar of Beogh.
 21750 | Orc:2    | Found a staircase to the Elven Halls.
 21850 | Orc:2    | Noticed an orc warlord
 22319 | Orc:2    | Killed an orc warlord
 22319 | Orc:2    | Reached skill level 10 in Fighting
 22936 | Orc:2    | Bought a shimmering silver amulet for 100 gold pieces
 22936 | Orc:2    | Bought a shiny buckler for 150 gold pieces
 22947 | Orc:2    | Identified the amulet of Syndicalism {rElec rC- Regen+
                  | Dex+7} (You bought it in a shop on level 2 of the Orcish
                  | Mines)
 22954 | Orc:2    | Bought a potion of haste for 200 gold pieces
 22954 | Orc:2    | Bought a potion of might for 80 gold pieces
 22963 | Orc:2    | Bought a +0 cloak of magic resistance for 172 gold pieces
 23189 | D:4      | Reached XP level 15. HP: 107/113 MP: 20/20
 23442 | D:9      | Killed Joseph
 23493 | D:7      | Bought a wand of acid (5) for 234 gold pieces
 23683 | D:12     | Found a shadowy altar of Dithmenos.
 24255 | D:13     | Noticed Jorgrun
 24265 | D:13     | Noticed Azrael
 24325 | D:12     | Killed from afar by Jorgrun

Levels and vault maps discovered:
D:1:      minmay_arrival_statue_studded, layout_basic
D:2:      layout_basic, nicolae_overflow_hidden_temple, minmay_tetromino_l2
D:3:      layout_basic, lemuel_crystal_altar, makhleb_heckhound_becter,
          lemuel_doored_altar, elyvilon_altar_5, minmay_misc_feat_diagonals
D:4:      gammafunk_cloud_chamber, layout_basic, cheibriados_altar_1,
          lemuel_round_altar, okawaru_ov_weapons_minmay,
          minmay_temple_entry_waves, serial_shops, nicolae_shop_trees
D:5:      layout_basic, first_ration, uniq_prince_ribbit1
D:6:      layout_layer_cave, yredelemnul_altar_generic, grunt_gozag_breadcrumbs
D:7:      layout_basic, chequers_temple_overflow_statue_of_worship,
          serial_shops, shop, grunt_livestock, uniq_duvessa
D:8:      layout_loops_ring, grunt_lair_entry_orc_guard_hut, serial_shops,
          nicolae_shop_crystal, nicolae_ru_great_annihilating_truth
D:9:      layout_roguey, old_standard_altar, david_orc_2, serial_shops, shop,
          uniq_joseph
D:10:     layout_big_octagon
D:11:     layout_roguey, basic_altar, minmay_misc_feat_rows,
          serial_bayou_pond_e, st_stairs_3, nrook_guardian_serpent_double
D:12:     layout_cave_pools, nicolae_dithmenos_shadow_blocks
D:13:     layout_cave_pools, hangedman_vaults_entry_quadrant_bands,
          grunt_ministairs_10, uniq_jorgrun, uniq_azrael, uniq_erolcha
Lair:1:   layout_hall_layers
Lair:2:   layout_hall_layers, elwin_shoals_entry_rooms,
          spider_nest_entry_rubble, portal_ice_cave_entry_imps,
          beast_lair_carwin_6, grunt_megastairs_4
Lair:3:   layout_regular_city, grunt_forest_stairs_basic, minivault_11, pond
Lair:4:   layout_regular_city, serial_forest, infiniplex_forest_end_3,
          infiniplex_forest_end_double, infiniplex_forest_end_1,
          infiniplex_forest_clump_small, infiniplex_forest_3_way,
          infiniplex_forest_corner_2, infiniplex_forest_lined_2,
          infiniplex_forest_lined_ring, infiniplex_forest_lined_room_2,
          infiniplex_forest_clump_long
Lair:5:   layout_cave_pods, guppyfry_lair_drakes
Lair:6:   cheibrodos_lair_end_hotspot, layout_regular_city, slime_altar_1,
          serial_forest, infiniplex_forest_lined_1,
          infiniplex_forest_clump_medium, infiniplex_forest_clump_long,
          infiniplex_forest_clump_diagonal, infiniplex_forest_clump_diagonal,
          infiniplex_forest_lined_ring, infiniplex_forest_lined_2,
          infiniplex_forest_lined_ring, eino_house_with_fridge
Orc:1:    layout_caves
Orc:2:    st_orc_town, layout_caves

Skill      XL: |  1  2  3  4  5  6  7  8  9 10 11 12 13 14 15 |
---------------+----------------------------------------------+-----
Axes           | 3 4 5 6 7 9 11 12 14 15 16 | 16.8
Armour         | 1 2 3 4 6 7 9 |  9.8
Dodging        | 3 4 5 |  5.2
Invocations    | 1 2 3 5 7 8 9 |  9.2
Shields        | 1 2 3 4 |  4.8
Fighting       | 4 5 6 7 8 9 10 | 10.1
Throwing       | 1 |  1.6
Evocations     | 2 4 |  4.8
Stealth        | |  2.1

Action                   |  1- 3 |  4- 6 |  7- 9 | 10-12 | 13-15 || total
-------------------------+-------+-------+-------+-------+-------++-------
Melee: Hand axe          |   139 |   214 |     3 |       |       ||   356
       War axe           |       |       |   241 |   829 |   264 ||  1334
       Broad axe         |       |       |       |       |   763 ||   763
Throw: Javelin           |       |       |    14 |     7 |     6 ||    27
Invok: Ancestor Life: He |       |     1 |       |       |       ||     1
       Recall Ancestor   |       |       |     1 |     3 |     4 ||     8
       Transference      |       |       |       |       |     1 ||     1
Evoke: Wand              |       |       |       |    21 |    56 ||    77
  Use: Scroll            |       |       |     9 |     8 |    14 ||    31
       Potion            |       |       |       |     6 |     5 ||    11
 Stab: Sleeping          |     3 |       |       |       |       ||     3
       Distracted        |       |     2 |     2 |     7 |    10 ||    21
       Confused          |       |     2 |     3 |     6 |    10 ||    21
       Paralysed         |       |       |       |    24 |     6 ||    30
  Eat: Chunk             |    16 |    33 |    40 |   140 |   199 ||   428
Armor: Robe              |     2 |       |       |       |       ||     2
       Scale mail        |    60 |    55 |       |       |       ||   115
       Chain mail        |       |    40 |   115 |   408 |   445 ||  1008
Dodge: Dodged            |    75 |    89 |    85 |   352 |   468 ||  1069
Block: Buckler           |     7 |    18 |    28 |   152 |   198 ||   403
